 Dungeon Crawl Stone Soup version 0.29.1-1-gd02db6906a (webtiles) character file.

Game seed: 6163553748340593687

189 tardwrangler69 the Digger (level 5, -9/31 HPs)
             Began as an Octopode Earth Elementalist on Oct 4, 2022.
             Killed from afar by an orc wizard (15 damage)
             ... with a puff of flame
             ... on level 4 of the Dungeon.
             The game lasted 00:04:54 (3415 turns).

tardwrangler69 the Digger (OpEE)                    Turns: 3415, Time: 00:04:54

Health: -9/31      AC:  1    Str:  7    XL:     5   Next: 68%
Magic:  3/10       EV: 13    Int: 19    God:
Gold:   30         SH:  0    Dex: 13    Spells: 10/11 levels left

rFire   . . .      SeeInvis .   c - staff of earth
rCold   . . .      Faith    .   (no shield)
rNeg    . . .      Spirit   .   (helmet restricted)
rPois   .          Reflect  .   (no amulet)
rElec   .          Harm     .   (no ring)
rCorr   .          Rampage  .   (no ring)
Will    .....                   (no ring)
Stlth   +++.......              (no ring)
HPRegen 0.10/turn               (no ring)
MPRegen 0.12/turn               (no ring)
                                (no ring)
                                (no ring)

@: no status effects
A: almost no armour, amphibious, 8 rings, camouflage 1, gelatinous body 1,
(nimble swimmer 1), tentacles
a: no special abilities


You were on level 4 of the Dungeon.
You visited 1 branch of the dungeon, and saw 4 of its levels.

You collected 142 gold pieces.
You spent 112 gold pieces at shops.

Inventory:

Magical Staves
 c - a staff of earth (weapon)
Scrolls
 b - 8 scrolls of teleportation {unknown}
 e - a scroll of vulnerability {unknown}
 g - a scroll of noise {unknown}
 h - a scroll of poison {unknown}
 i - 2 scrolls of butterflies {unknown}
 j - 4 scrolls of identify {unknown}
Potions
 a - a potion of magic
 d - 3 potions of mutation {unknown}
 f - a potion of invisibility {unknown}
 k - a potion of lignification {unknown}
 l - a potion of might {unknown}
 m - a potion of cancellation {unknown}
 n - 3 potions of ambrosia {unknown}
 o - 2 potions of brilliance {unknown}
 p - 4 potions of haste {unknown}
 s - a potion of flight {unknown}


   Skills:
 - Level 2.0 Dodging
 - Level 2.6 Stealth
 + Level 3.9 Spellcasting
 - Level 1.0 Transmutations
 + Level 4.8 Earth Magic


You had 10 spell levels left.
You knew the following spells:

 Your Spells              Type           Power      Damage    Failure   Level
a - Sandblast             Erth           66%        2d15      1%          1

Your spell library contained the following spells:

 Spells                   Type           Power      Damage    Failure   Level
 Passwall                 Tmut/Erth      18%        N/A       6%          2
 Stone Arrow              Conj/Erth      38%        3d9       16%         3
 Petrify                  Tmut/Erth      22%        N/A       38%         4


Dungeon Overview and Level Annotations

Branches:
Dungeon (4/15)
 Temple: D:4-7

Altars:
Ashenzari
Kikubaaqudgha
Trog

Shops:
D:3 !


Innate Abilities, Weirdness & Mutations

You cannot wear most types of armour.
You are amphibious.
You can wear up to eight rings at the same time.
Your skin changes colour to match your surroundings (Stealth+).
Your rubbery body absorbs attacks. (AC +1, EV +1)
((You are camouflaged when in or above water. (Stealth+)))
You have tentacles for arms and can constrict up to eight enemies at once.


Message History

Aiming: Sandblast (safe; 1% risk of failure)
Press: ? - help, Shift-Dir - straight line You feel a surge of power!
Something hits you.
* * * LOW HITPOINT WARNING * * *
Casting: Sandblast (safe; 1% risk of failure)
Confirm with . or Enter, or press ? or * to list all spells.
Okay, then.
You miss something.
You hear some strange, mumbled words.
A magic dart appears from out of thin air!
The magic dart hits you.
* * * LOW HITPOINT WARNING * * *
You feel much better. Something hits you. Something hits you.
You are electrocuted!
Ouch! That really hurt!
* * * LOW HITPOINT WARNING * * *
You hear some strange, mumbled words.
Something tries to affect you, but you resist.
You feel better. Something hits you.
* * * LOW HITPOINT WARNING * * *
You hear some strange, mumbled words.
Something tries to affect you, but you resist.
You hear some strange, mumbled words.
Something tries to affect you, but you resist.
Something tries to affect you, but you resist.
There is an open door here.
A puff of flame appears from out of thin air!
The puff of flame hits you.
* * * LOW HITPOINT WARNING * * *
There is an open door here.
You close the door.
Okay, then.
Unknown command.
There are no items here.
Memorise Passwall, consuming 2 spell levels and leaving 8?
You start memorising the spell.
You continue memorising. x2
The orc wizard gestures at you while chanting.
Your memorisation is interrupted.
The puff of flame hits you!
You die...

#..........#... #..........'...
#..##.###..#... ##..##.###..#...
#...#...#...#... #...+...#...#...
##########..#...
#####..######..#...
#.@#.....#.....#... #)..
#..'o....#.....#... ##########...
########'#######... !...........#
#####........>.... ............+
#...#............. ............#
#...#............. .?..........#
#...'............. ...†........#
#...#.............
...).)......########.............


You could see an orc wizard.

Vanquished Creatures
  An orc wizard (D:4)
  6 adders
  A river rat (D:3)
  2 worms
  A dart slug (D:2)
  8 orcs
  3 bats
  8 endoplasms
  6 giant cockroaches
  3 goblins
  4 hobgoblins
  7 jackals
  8 kobolds
  15 ball pythons
  3 frilled lizards
  8 rats
84 creatures vanquished.

Notes
Turn   | Place    | Note
-------+----------+-------------------------------------------
     0 | D:1      | tardwrangler69 the Octopode Earth Elementalist began the
                  | quest for the Orb.
     0 | D:1      | Reached XP level 1. HP: 11/11 MP: 3/3
   447 | D:1      | Reached XP level 2. HP: 17/17 MP: 3/5
   982 | D:2      | Reached XP level 3. HP: 12/21 MP: 2/7
  1540 | D:3      | Reached XP level 4. HP: 27/27 MP: 6/8
  1562 | D:3      | Reached skill level 4 in Earth Magic
  1879 | D:3      | Found a broken altar of Ashenzari.
  2124 | D:3      | Found Yghytto Seots's Distillery.
  2129 | D:3      | Bought a potion of curing for 42 gold pieces
  2129 | D:3      | Bought a potion of heal wounds for 70 gold pieces
  2179 | D:3      | Reached XP level 5. HP: 31/31 MP: 7/10
  2356 | D:3      | Found an ancient bone altar of Kikubaaqudgha.
  2410 | D:3      | Found a bloodstained altar of Trog.
  2707 | D:3      | Found a faded altar of an unknown god.
  3415 | D:4      | Killed from afar by an orc wizard

Illustrated notes

Levels and vault maps discovered:
D:1:      eino_arrival_cavern_b, layout_loops_cross, wad_floor_pattern_untrapped
D:2:      layout_rooms
D:3:      layout_basic, nicolae_overflow_crystal_walls,
          mainiacjoe_overflow_six_doors_small, mainiacjoe_overflow_alcove_2,
          portal_sewer_entry_e, serial_shops, shop,
          shapermc_ecumenical_altar_mp_highgroup, minmay_misc_feat_encased,
          minmay_snake_closets
D:4:      layout_gridville

Skill      XL: |  1  2  3  4 |
---------------+-------------+-----
Spellcasting   | 3 |  3.9
Earth Magic    | 4 |  4.8
Dodging        | |  2.0
Stealth        | |  2.6
Transmutations | |  1.0

Action                   |  1- 3 |  4- 6 || total
-------------------------+-------+-------++-------
Melee: Unarmed           |     1 |       ||     1
       Constrict         |     1 |       ||     1
       Tentacles         |     1 |       ||     1
       Staff             |       |     1 ||     1
 Cast: Sandblast         |    38 |    65 ||   103
  Use: Potion            |       |     2 ||     2
Armor: Skin              |       |     3 ||     3
Dodge: Dodged            |     2 |    24 ||    26
